 Dungeon Crawl Stone Soup version 0.31-a0-204-g7da18cac08 (webtiles) character file.

Game seed: 8418880643751660953

22 qw the Shooter (level 2, -1/16 HPs)
             Began as a Deep Elf Hunter on June 27, 2023.
             Succumbed to their own poison gas
             ... on level 1 of the Dungeon.
             The game lasted 00:00:15 (963 turns).

qw the Shooter (Deep Elf Hunter)                     Turns: 963, Time: 00:00:16

Health: -1/16      AC:  6    Str:  8    XL:     2   Next: 68%
Magic:  4/4        EV: 10    Int: 13    God:
Gold:   61         SH:  0    Dex: 18    Spells: 1/1 levels left

rFire   . . .        Y - +0 shortbow
rCold   . . .        (shield currently unavailable)
rNeg    . . .        i - +0 ring mail
rPois   .            (no helmet)
rElec   .            (no cloak)
rCorr   .            k - +0 pair of gloves
SInv    .            (no boots)
Will    .....        (no amulet)
Stlth   +            (no ring)
HPRegen 0.22/turn    (no ring)
MPRegen 0.09/turn

%: no passive effects
@: brilliant, lethally poisoned (-1 -> -14), weak-willed, enlightened, flying
A: no striking features
a: no special abilities


You were on level 1 of the Dungeon.
You visited 1 branch of the dungeon, and saw 1 of its levels.

You collected 61 gold pieces.


   Skills:
 - Level 1.5 Fighting
 + Level 6.4 Ranged Weapons
 - Level 2.4 Dodging
 - Level 1.2 Stealth


You had one spell level left.
You didn't know any spells.
Your spell library was empty.

Inventory:

Hand Weapons
 Y - a +0 shortbow (weapon)
Armour
 i - a +0 ring mail (worn)
 k - a +0 pair of gloves (worn)
Potions
 g - a potion of enlightenment
 j - a potion of berserk rage {unknown}

Dungeon Overview and Level Annotations

Branches:
Dungeon (1/15)

Altars:


Message History

958 ||| DROPPING scroll of poison.
You drop a scroll of poison.
You hear a splash.
Partly explored, can't reach some places.
959 ||| DROPPING scroll of butterflies.
You drop a scroll of butterflies.
You hear a splash.
Partly explored, can't reach some places.
960 ||| DROPPING potion of brilliance.
You drop a potion of brilliance.
You hear a splash.
Partly explored, can't reach some places.
(D) Dungeon
Where to? (* - list waypoints, ? - help)
What level of the Dungeon? (default 1, ? - help) Sorry, I don't know how to get there.
Enter note:
Enter note:
Enter note:
Enter note:
Enter note:
Enter note:
Enter note:
Enter note:
Enter note:
Enter note:
Enter note:
Enter note:
Enter note:
Enter note:
Enter note:
Enter note:
Enter note:
Enter note: Really fly into that cloud of poison gas?
You are engulfed in poison gas.
You are lethally poisoned!
You feel very sick.
962 ||| Stepping ~*~*~tactically~*~*~ (cloud).
You feel very sick.
Items here: ! ?? [.
There is a lethal amount of poison in your body!
You die...

.................................
.#.#.....##.#....................
.#.#....%##.#..........#.#...#.#.
...#...............###.#.#...#.#.
.#.#.....##.#......###.#.#...#.#.
....................[............
###########################..#.#.
###..## #¤0### #...... #.....###
####0@0¤### #..#...
..###...####P¤0¤0¤¤0¤# #..#.#.
.#.###...##00#####~##0¤####......
######...#P.## ## ####........ #
#.#####.## ###......##.#. ##
###..###..## ##.............
.###.....###..# ##.........##...
..#.......###.## #..........####.
.....###...###'###............###


There were no monsters in sight!

Vanquished Creatures
  3 ball pythons (D:1)
  An endoplasm (D:1)
  A goblin (D:1)
  3 hobgoblins (D:1)
  3 kobolds (D:1)
  A quokka (D:1)
  4 bats (D:1)
  A frilled lizard (D:1)
  2 rats (D:1)
19 creatures vanquished.

Notes
Turn   | Place    | Note
-------+----------+-------------------------------------------
     0 | D:1      | qw the Deep Elf Hunter began the quest for the Orb.
     0 | D:1      | Reached XP level 1. HP: 12/12 MP: 3/3
     0 | D:1      | 0 ||| qw: Version: 0.3-a-22-g0ed2b0b
     0 | D:1      | 0 ||| qw: Game counter: 6413
     0 | D:1      | 0 ||| qw: Melee chars always use a shield: true
     0 | D:1      | 0 ||| qw: God list: Okawaru
     0 | D:1      | 0 ||| qw: Allow faded altars: false
     0 | D:1      | 0 ||| qw: Do Orc after clearing Dungeon:15 true
     0 | D:1      | 0 ||| qw: Do second Lair branch before Depths: true
     0 | D:1      | 0 ||| qw: Lair rune preference: random
     0 | D:1      | 0 ||| qw: Goals: Normal
     0 | D:1      | 0 ||| PLANNING D:1-11
   197 | D:1      | Reached XP level 2. HP: 16/16 MP: 4/4
   219 | D:1      | Reached skill level 6 in Ranged Weapons
   937 | D:1      | 937 ||| UPGRADING to +0 ring mail.
   947 | D:1      | 947 ||| DROPPING +0 leather armour.
   948 | D:1      | 948 ||| UPGRADING to +0 pair of gloves.
   953 | D:1      | 953 ||| READING 2 scrolls labelled OZXYAS VADOI.
   954 | D:1      | 954 ||| READING scroll labelled WOMOYGR ARIO.
   955 | D:1      | 955 ||| READING scroll labelled JYDOTHR TAOJO.
   956 | D:1      | 956 ||| DRINKING 2 purple potions.
   957 | D:1      | 957 ||| DRINKING 2 amethyst potions.
   958 | D:1      | 958 ||| DROPPING scroll of poison.
   959 | D:1      | 959 ||| DROPPING scroll of butterflies.
   960 | D:1      | 960 ||| DROPPING potion of brilliance.
   962 | D:1      | 962 ||| Stepping ~*~*~tactically~*~*~ (cloud).
   962 | D:1      | HP: 2/16 [poisoned by you (poison gas)]
   963 | D:1      | Succumbed to their own poison gas

Levels and vault maps discovered:
D:1:      dpeg_cavernosity, layout_basic

Skill      XL: |  1  2 |
---------------+-------+-----
Ranged Weapons | 6 |  6.4
Fighting       | |  1.5
Dodging        | |  2.4
Stealth        | |  1.2

Action                     || total
---------------------------++-------
   Fire: Shortbow          ||    41
    Use: Scroll            ||     3
         Potion            ||     2
  Dodge: Dodged            ||     5

Table legend:
 A = Non-vault XP
 B = Vault XP
 C = Vault XP percentage of total XP
 D = Non-vault monster count
 E = Vault monster count
 F = Vault count percentage of total count
                 A         B        C        D         E       F
            +---------+---------+-------+---------+---------+-------
      Total |      26 |       6 |  18.8 |      15 |       4 |  21.1
            +---------+---------+-------+---------+---------+-------
        D:1 |      26 |       6 |  18.8 |      15 |       4 |  21.1
            +---------+---------+-------+---------+---------+-------
